 Dungeon Crawl Stone Soup version 0.31-a0-255-g9c3d1c461a (webtiles) character file.

Game seed: 15757266035612284956

74 qw the Shooter (level 4, 0/36 HPs)
             Began as a Minotaur Hexslinger on July 12, 2023.
             Slain by Grinder (5 damage)
             ... on level 3 of the Dungeon.
             The game lasted 00:00:42 (1520 turns).

qw the Shooter (Minotaur Hexslinger)                Turns: 1520, Time: 00:00:43

Health: 0/36       AC:  3    Str: 18    XL:     4   Next: 9%
Magic:  4/4        EV: 12    Int: 10    God:
Gold:   124        SH:  0    Dex: 15    Spells: 4/5 levels left

rFire   . . .        Y - +1 sling
rCold   . . .        (no shield)
rNeg    . . .        d - +0 leather armour
rPois   .            (helmet restricted)
rElec   .            (no cloak)
rCorr   .            (no gloves)
SInv    .            (no boots)
Will    .....        (no amulet)
Stlth   +            e - +6 ring of strength
HPRegen 0.26/turn    (no ring)
MPRegen 0.09/turn

%: no passive effects
@: no status effects
A: horns 2, retaliatory headbutt
a: no special abilities


You were on level 3 of the Dungeon.
You visited 1 branch of the dungeon, and saw 3 of its levels.

You collected 124 gold pieces.


Innate Abilities, Weirdness & Mutations

You have a pair of horns on your head.
You reflexively headbutt those who attack you in melee.


   Skills:
 - Level 2.0 Fighting
 + Level 4.6 Ranged Weapons
 - Level 2.1 Dodging
 - Level 1.0 Spellcasting
 - Level 2.0 Hexes


You had 4 spell levels left.
You knew the following spells:

 Your Spells              Type           Power      Damage    Failure   Level
a - Slow                  Hex            16%        N/A       19%         1

Your spell library contained the following spells:

 Spells                   Type           Power      Damage    Failure   Level
 Inner Flame              Hex/Fire       2%         N/A       63%         3
 Portal Projectile        Hex/Tloc       4%         N/A       63%         3
 Cause Fear               Hex            2%         N/A       87%         4

Inventory:

Hand Weapons
 Y - a +1 sling (weapon)
Armour
 d - a +0 leather armour (worn)
Jewellery
 e - a +6 ring of strength (left hand)
Potions
 a - a potion of heal wounds {unknown}
 b - a potion of attraction {unknown}
 c - a potion of cancellation {unknown}
 g - a potion of curing {unknown}

Dungeon Overview and Level Annotations

Branches:
Dungeon (3/15)

Altars:

Shops:
D:1 [

Annotations:
D:3 Grinder


Message History

You see here a bat corpse.
You see here a bat corpse.
Grinder comes into view.
You shoot a sling bullet. The sling bullet barely misses Grinder.
Grinder blinks!
Found a stone staircase leading down.
c - a fuming cyan potion You shoot a sling bullet.
The sling bullet hits Grinder.
Grinder is lightly wounded.
Grinder gestures at you.
You suddenly lose the ability to move!
You can move again.
You shoot a sling bullet. The sling bullet hits Grinder.
Grinder is moderately wounded.
You shoot a sling bullet. The sling bullet barely misses Grinder.
Grinder gestures at you.
You shrug off the repeated paralysis!
Grinder gestures at you. Pain shoots through your body!
You shoot a sling bullet. The sling bullet hits Grinder!
Grinder is heavily wounded.
Grinder gestures at you. Pain shoots through your body!
You shoot a sling bullet. The sling bullet barely misses Grinder.
You shoot a sling bullet. The sling bullet hits Grinder.
Grinder is heavily wounded.
You shoot a sling bullet. The sling bullet hits Grinder.
Grinder is heavily wounded.
Grinder gestures at you. Pain shoots through your body!
You shoot a sling bullet. The sling bullet hits Grinder.
Grinder is severely wounded.
Grinder hits you.
You writhe in agony.
Grinder hits you.
You writhe in agony.
You shoot a sling bullet.
The sling bullet hits Grinder but does no damage.
Grinder is severely wounded.
Grinder hits you but does no damage.
You shoot a sling bullet. The sling bullet barely misses Grinder.
Grinder hits you.
You writhe in agony.
You die...

#..# #..# #..# # #..#
.#. #..# .... #..#
.##..#############..####
>.......................
#@5......###......
#..........+.....##.
#.#........###.#.#..
#.########## #.#.#.. #
#.#.#.) #.#.#)# #.#.#.#
#.#.# #.#


You could see Grinder.

Vanquished Creatures
  2 adders (D:2)
  A worm (D:2)
  A dart slug (D:1)
  2 orcs (D:3)
  7 ball pythons
  4 endoplasms (D:1)
  2 giant cockroaches (D:1)
  3 goblins
  2 hobgoblins (D:2)
  4 jackals (D:2)
  5 kobolds
  A quokka (D:1)
  8 bats
  3 frilled lizards
  5 rats
50 creatures vanquished.

Notes
Turn   | Place    | Note
-------+----------+-------------------------------------------
     0 | D:1      | qw the Minotaur Hexslinger began the quest for the Orb.
     0 | D:1      | Reached XP level 1. HP: 16/16 MP: 1/1
     0 | D:1      | 0 ||| qw: Version: 0.3-a-52-g30416fa
     0 | D:1      | 0 ||| qw: Game counter: 6707
     0 | D:1      | 0 ||| qw: Melee chars always use a shield: true
     0 | D:1      | 0 ||| qw: God list: Okawaru
     0 | D:1      | 0 ||| qw: Allow faded altars: false
     0 | D:1      | 0 ||| qw: Do Orc after clearing Dungeon:15 true
     0 | D:1      | 0 ||| qw: Do second Lair branch before Depths: true
     0 | D:1      | 0 ||| qw: Lair rune preference: random
     0 | D:1      | 0 ||| qw: Goals: Normal
     0 | D:1      | 0 ||| PLANNING D:1-11
   104 | D:1      | Found Xeihuere's Armour Emporium.
   108 | D:1      | 108 ||| SHOPLISTING +0 pair of gloves (63 gold, have 3).
   108 | D:1      | 108 ||| SHOPLISTING +0 ring mail (56 gold, have 3).
   112 | D:1      | 112 ||| FLEEEEING.
   123 | D:1      | Reached skill level 3 in Ranged Weapons
   123 | D:1      | Reached XP level 2. HP: 16/23 MP: 2/2
   181 | D:1      | 181 ||| FLEEEEING.
   182 | D:1      | 182 ||| FLEEEEING.
   284 | D:1      | 284 ||| FLEEEEING.
   625 | D:1      | 625 ||| UPGRADING to +0 leather armour.
   635 | D:1      | 635 ||| DROPPING +0 robe.
   636 | D:1      | 636 ||| READING scroll labelled GEMAIF VIDAY.
   637 | D:1      | 637 ||| READING scroll labelled FUPPAU ZEIL.
   638 | D:1      | 638 ||| DROPPING scroll of poison.
   759 | D:2      | Reached XP level 3. HP: 29/29 MP: 3/3
   953 | D:2      | Reached skill level 4 in Ranged Weapons
  1103 | D:2      | 1103 ||| FLEEEEING.
  1104 | D:2      | 1104 ||| FLEEEEING.
  1418 | D:2      | 1418 ||| UPGRADING to +6 ring of strength.
  1419 | D:2      | 1419 ||| READING scroll labelled FUHEYPR WOYGEP.
  1420 | D:2      | 1420 ||| READING scroll labelled MARINU WUXEH.
  1424 | D:2      | 1424 ||| READING scroll labelled DOTELUOSUNI.
  1437 | D:3      | Reached XP level 4. HP: 36/36 MP: 4/4
  1447 | D:3      | Identified the +6 hand axe "Saguyb" {venom, rN+}
  1488 | D:3      | Noticed Grinder
  1508 | D:3      | Paralysed by Grinder for 4 turns
  1518 | D:3      | HP: 9/36 [Grinder (2)]
  1520 | D:3      | Slain by Grinder

Levels and vault maps discovered:
D:1:      lightli_arrival_windingriver, layout_basic, serial_shops,
          nicolae_shop_trees
D:2:      layout_basic
D:3:      layout_basic, grunt_temple_overflow_open,
          nicolae_hepliaklqana_hippocampus, gammafunk_ghost_grave, uniq_terence,
          uniq_grinder, uniq_sigmund

Skill      XL: |  1  2  3 |
---------------+----------+-----
Ranged Weapons | 3 4 |  4.6
Fighting       | 2 |  2.0
Dodging        | |  2.1
Spellcasting   | |  1.0
Hexes          | |  2.0

Action                     |  1- 3 |  4- 6 || total
---------------------------+-------+-------++-------
   Fire: Sling             |   140 |    21 ||   161
    Use: Scroll            |     5 |       ||     5
 Armour: Robe              |     5 |       ||     5
         Leather armour    |    17 |     2 ||    19
  Dodge: Dodged            |    68 |     3 ||    71

Table legend:
 A = Non-vault XP
 B = Vault XP
 C = Vault XP percentage of total XP
 D = Non-vault monster count
 E = Vault monster count
 F = Vault count percentage of total count
                 A         B        C        D         E       F
            +---------+---------+-------+---------+---------+-------
      Total |     106 |       0 |   0.0 |      50 |       0 |   0.0
            +---------+---------+-------+---------+---------+-------
        D:1 |      35 |       0 |   0.0 |      21 |       0 |   0.0
        D:2 |      61 |       0 |   0.0 |      24 |       0 |   0.0
        D:3 |      10 |       0 |   0.0 |       5 |       0 |   0.0
            +---------+---------+-------+---------+---------+-------
